 Dungeon Crawl Stone Soup version 0.31-a0-816-gd61d57ddb1 (webtiles) character file.

Game seed: 5507510867298170925

102 Maratek the Chopper (level 4, -2/40 HPs)
             Began as a Hill Orc Fighter on Sept 22, 2023.
             Slain by Menkaure (7 damage)
             ... on level 4 of the Dungeon.
             The game lasted 00:02:03 (2896 turns).

Maratek the Chopper (Hill Orc Fighter)              Turns: 2896, Time: 00:02:03

Health: -2/40      AC:  7    Str: 20    XL:     4   Next: 77%
Magic:  4/4        EV:  9    Int:  8    God:
Gold:   141        SH:  4    Dex: 10    Spells: 3/3 levels left

rFire   . . .        a - +0 war axe
rCold   . . .        c - +0 buckler
rNeg    . . .        b - +0 scale mail
rPois   .            (no helmet)
rElec   .            (no cloak)
rCorr   .            (no gloves)
SInv    .            (no boots)
Will    .....        (no amulet) Stlth
                     (no ring)
HPRegen 0.26/turn    (no ring)
MPRegen 0.09/turn

%: no passive effects
@: no status effects
A: no striking features
a: no special abilities


You were on level 4 of the Dungeon.
You visited 1 branch of the dungeon, and saw 4 of its levels.

You collected 141 gold pieces.

Inventory:

Hand Weapons
 a - a +0 war axe (weapon)
Armour
 b - a +0 scale mail (worn)
 c - a +0 buckler (worn)
Jewellery
 g - a ring of wizardry
 r - a ring of flight
 s - a ring of willpower
 u - a ring of see invisible
Scrolls
 f - 4 scrolls of blinking {unknown}
 h - a scroll of brand weapon {unknown}
 j - 2 scrolls of poison {unknown}
 n - a scroll of vulnerability {unknown}
 o - a scroll of torment {unknown}
 p - a scroll of silence {unknown}
 t - a scroll of teleportation {unknown}
 v - a scroll of identify {unknown}
Potions
 d - a potion of might
 e - a potion of degeneration {unknown}
 i - a potion of brilliance {unknown}
 k - 3 potions of curing {unknown}
 l - 2 potions of lignification {unknown}
 m - 3 potions of heal wounds {unknown}
 q - a potion of magic {unknown}


   Skills:
 + Level 4.0 Fighting
 + Level 4.4 Axes
 + Level 3.9 Armour
 + Level 0.4 Dodging
 + Level 0.3 Stealth
 + Level 4.0 Shields


You had 3 spell levels left.
You didn't know any spells.
Your spell library contained the following spells:

 Spells                   Type           Power      Damage    Failure   Level
 Apportation              Tloc           0%         N/A       83%         1
 Frozen Ramparts          Ice            0%         1d1       99%         3
 Petrify                  Tmut/Erth      0%         N/A       100%        4
 Metabolic Englaciation   Hex/Ice        0%         N/A       100%        5


Dungeon Overview and Level Annotations

Branches:
Dungeon (4/15)
 Temple: D:4-7

Altars:
Elyvilon
Ru

Annotations:
D:4 Menkaure


Message History

You kill the orc!
The adder barely misses you.
You closely miss the adder.
The adder is almost dead.
The adder bites you. The adder barely misses you.
You hit the adder.
You kill the adder!
Your Shields skill increases to level 4!
You barely miss the goblin. You block the goblin's attack.
The goblin closely misses you.
You slash the goblin!
You kill the goblin!
You hit the orc.
The orc is moderately wounded.
The orc hits you but does no damage.
You closely miss the orc.
The orc is lightly wounded.
The orc hits you with a +0 club.
An orc comes into view. It is wielding a +2 flail of venom.
The orc closely misses you.
You barely miss the orc.
The orc is lightly wounded.
The orc hits you but does no damage.
You slash the orc!
You kill the orc!
Menkaure hits you!!
Ouch! That really hurt!
You are too injured to fight recklessly!
You are too injured to fight recklessly!
You are too injured to fight recklessly!
You hit Menkaure.
Menkaure is moderately damaged.
Menkaure shouts, "You disturbed my rest!
Die!"
Menkaure hits you but does no damage.
You hit Menkaure but do no damage.
Menkaure is moderately damaged.
Menkaure barely misses you. Menkaure hits you!
* * * LOW HITPOINT WARNING * * *
Menkaure hits you!
You die...

......#..<..#
............#
............#
............#
.(....#.....#
........#
#...#.#o# .
.. #M# #. #@#
.. #)# .# ...
....# #.##.#
#. .. #. ## #


You could see Menkaure (fast) and an orc.

Vanquished Creatures
  A kobold brigand (D:3)
  2 adders
  A worm (D:2)
  A dart slug (D:2)
  3 orcs
  5 endoplasms
  6 giant cockroaches
  3 goblins
  4 hobgoblins
  2 kobolds (D:1)
  2 ball pythons (D:1)
  A frilled lizard (D:2)
  4 rats
35 creatures vanquished.

Notes
Turn   | Place    | Note
-------+----------+-------------------------------------------
     0 | D:1      | Maratek the Hill Orc Fighter began the quest for the Orb.
     0 | D:1      | Reached XP level 1. HP: 19/19 MP: 1/1
   159 | D:1      | Reached XP level 2. HP: 22/27 MP: 2/2
  1059 | D:2      | Found a faded altar of an unknown god.
  1064 | D:2      | Got an inconspicuous book
  1125 | D:2      | Reached XP level 3. HP: 33/33 MP: 3/3
  1624 | D:3      | Found a sacrificial altar of Ru.
  2110 | D:3      | Found a white marble altar of Elyvilon.
  2435 | D:4      | Noticed Menkaure
  2435 | D:4      | Noticed a kobold brigand
  2450 | D:3      | Killed a kobold brigand
  2451 | D:3      | Reached XP level 4. HP: 7/40 MP: 4/4
  2896 | D:4      | Slain by Menkaure

Illustrated notes

Levels and vault maps discovered:
D:1:      doesnt_arrival_eight_statues, layout_basic,
          nicolae_houndstooth_variations
D:2:      layout_loops_ring, shapermc_ecumenical_altar_rom_forum,
          hangedman_decor_opposing, hangedman_decor_points
D:3:      layout_basic, mainiacjoe_overflow_surrounded_room, elyvilon_altar_4,
          minmay_between
D:4:      layout_loops_cross, grunt_temple_overflow_holy_war, lemuel_tele_altar,
          minmay_temple_entry_tees, uniq_menkaure, uniq_grinder

Skill      XL: |  1  2  3  4 |
---------------+-------------+-----
Axes           | 3 4 |  4.4
Fighting       | 4 |  4.0
Shields        | 4 |  4.0
Armour         | |  3.9
Dodging        | |  0.4
Stealth        | |  0.3

Action                     |  1- 3 |  4- 6 || total
---------------------------+-------+-------++-------
  Melee: War axe           |    99 |    16 ||   115
 Armour: Scale mail        |    74 |    16 ||    90
  Dodge: Dodged            |    32 |    11 ||    43
  Block: Buckler           |    24 |     3 ||    27

Table legend: (Time is in decaauts)
 A = Elapsed time spent in this place.
 B = Non-inter-level travel time spent in this place.
 C = Inter-level travel time spent in this place.
 D = Time resting spent in this place.
 E = Time spent auto-exploring this place.
 F = Levels seen in this place.
 G = Mean time per level.
                   A        B        C        D        E       F      G
               +--------+--------+--------+--------+--------+-----+--------+
         Total |   2938 |   2859 |     79 |    427 |   2069 |   4 |  734.5 |
       Dungeon |   2938 |   2859 |     79 |    427 |   2069 |   4 |  734.5 |
               +--------+--------+--------+--------+--------+-----+--------+

Top non-repeatable levels by time:
     D:3: 1311 daAuts
     D:1: 958 daAuts
     D:2: 631 daAuts
     D:4: 37 daAuts
